 Dungeon Crawl Stone Soup version 0.31-a0-1574-g5526595cd0 (webtiles) character file.

Game seed: 17082822142544000371

4 Jannitor the Sneak (level 1, -3/20 HPs)
             Began as a Hill Orc Delver on Jan 4, 2024.
             Slain by an orc
             ... wielding a +0 trident
              (8 damage)
             ... on level 5 of the Dungeon.
             The game lasted 00:00:38 (132 turns).

Jannitor the Sneak (Hill Orc Delver)                 Turns: 132, Time: 00:00:39

Health: -3/20      AC:  3    Str: 14    XL:     1   Next: 60%
Magic:  1/1        EV: 11    Int: 10    God:
Gold:   25         SH:  0    Dex: 12    Spells: 0/0 levels left

rFire   . . .        d - +4 morningstar
rCold   . . .        (no shield)
rNeg    . . .        b - +0 leather armour
rPois   .            (no helmet)
rElec   .            (no cloak)
rCorr   .            (no gloves)
SInv    .            (no boots)
Will    .....        (no amulet)
Stlth   ++           (no ring)
HPRegen 0.23/turn    (no ring)
MPRegen 0.07/turn

%: no passive effects
@: hasted, very quick
A: no striking features
a: no special abilities


You were on level 5 of the Dungeon.
You visited 1 branch of the dungeon, and saw 1 of its levels.

You collected 25 gold pieces.

Inventory:

Hand Weapons
 a - a +0 spear
 d - a +4 morningstar (weapon)
Armour
 b - a +0 leather armour (worn)
Wands
 g - a wand of digging (3)
Scrolls
 c - a scroll of fog
 e - a scroll of fear
 i - a scroll of amnesia {unknown}
Potions
 h - 2 potions of mutation {unknown}


   Skills:
 + Level 3.7 Fighting
 + Level 0.1 Maces & Flails
 - Level 2.2 Polearms
 + Level 1.6 Dodging
 + Level 4.1 Stealth


You couldn't memorise any spells.
You didn't know any spells.
Your spell library was empty.

Dungeon Overview and Level Annotations

Branches:
Dungeon (5/15)
 Temple: D:4-7

Altars:
Elyvilon
Trog

Shops:
D:5 (


Message History

The orc is severely wounded.
The orc barely misses you.
You hit the orc.
You kill the orc!
You see here a +4 morningstar.
d - a +4 morningstar
d - a +4 morningstar (weapon)
Unknown command.
You now have 25 gold pieces (gained 7).
You start resting.
HP restored.
Found Egip's Firing Range.
Found 2 stones, a javelin and a throwing net.
Found a stone.
There is an entrance to Egip's Firing Range here.
You can access your shopping list by pressing '$'.
Unknown command.
Unknown command. 3 orcs come into view.
The orc shouts!
An orc comes into view. It is wielding a +0 hand axe.
The orc shouts!
An orc comes into view. It is wielding a +0 club.
The orc shouts!
The orc closely misses you. The orc attacks as it pursues you!
The orc closely misses you.
You feel yourself speed up.
You closely miss the orc. The orc hits you but does no damage.
The orc barely misses you.
You puncture the orc!
You kill the orc!
The orc hits you from afar with a +0 trident.
The orc hits you with a +0 trident.
You see here a +0 club.
You barely miss the orc. The orc barely misses you.
The orc hits you with a +0 trident!
* * * LOW HITPOINT WARNING * * *
The orc attacks as it pursues you!
The orc hits you from afar with a +0 trident!
You die...

############### ################
######### ......##########
#.......# ......##########
#.......# ......##########
#.......# .......#########
#.......# ...............##
#.......#
##.#.###.###.#..###o...o..#
#..#...#.#...#..@.o.......#######
#..###.#.#.###.####......o.......
#....#.#.#.#...# ########.......
#.._........._.#**#8.....#.......
#....#.#.#.#....,,#8...(.∩.......
#..###.#.#S###..,,#8(....#.....##
##.#...#.#...#..,,########o#####
...#.###.###.#...,,...o..o.#
..........,,..,,,,,.o.....##


You could see 3 orcs.

Vanquished Creatures
  2 orcs (D:5)
2 creatures vanquished.

Notes
Turn   | Place    | Note
-------+----------+-------------------------------------------
     0 | D:5      | Jannitor the Hill Orc Delver began the quest for the Orb.
     0 | D:5      | Reached XP level 1. HP: 19/19 MP: 1/1
    17 | D:5      | Found a bloodstained altar of Trog.
    25 | D:5      | Found a white marble altar of Elyvilon.
   104 | D:5      | Found Egip's Firing Range.
   132 | D:5      | Slain by an orc

Illustrated notes

Levels and vault maps discovered:
D:5:      layout_gridville, mainiacjoe_overflow_large_starburst,
          chequers_serial_rivers_micro_e, nicolae_shop_firing_range

Action                     || total
---------------------------++-------
  Melee: Spear             ||     5
         Morningstar       ||     3
         Punch             ||     1
    Use: Scroll            ||     1
         Potion            ||     1
 Armour: Leather armour    ||     7
  Dodge: Dodged            ||     5

Table legend: (Time is in decaauts)
 A = Elapsed time spent in this place.
 B = Non-inter-level travel time spent in this place.
 C = Inter-level travel time spent in this place.
 D = Time resting spent in this place.
 E = Time spent auto-exploring this place.
 F = Levels seen in this place.
 G = Mean time per level.
                   A        B        C        D        E       F      G
               +--------+--------+--------+--------+--------+-----+--------+
         Total |    130 |    130 |      0 |     34 |     36 |   1 |  130.0 |
       Dungeon |    130 |    130 |      0 |     34 |     36 |   1 |  130.0 |
               +--------+--------+--------+--------+--------+-----+--------+

Top non-repeatable levels by time:
     D:5: 130 daAuts
